[ AOE2 MATCH · #461827077 ]
UnrankedVietnamese vs Magyars
Rival team · LOSS
[ REPLAY ANALYSIS · EXTRACTED FROM THE RECORDED GAME ]
Feudal
10:54
Castle
20:42
Imperial
36:38
| APM avg | 51.1 |
| APM peak | 87 |
| eAPM avg | 26.5 |
| Villagers / military | 165 / 74 |
Focus
⚔️ 34.2% · 🌾 65.8%
Scout Cavalry ×40 · Archer ×10 · Cavalry Archer ×10 · Knight ×8 · Militia ×4 · Monk ×1
Feudal
8:51
Castle
21:23
Imperial
—
| APM avg | 47.7 |
| APM peak | 105 |
| eAPM avg | 19.3 |
| Villagers / military | 126 / 52 |
Focus
⚔️ 32.7% · 🌾 67.3%
Skirmisher ×21 · Knight ×20 · Archer ×4 · Scout Cavalry ×4 · Monk ×2 · Spearman ×1
Match map
Initial resources + every placement click. Lines = walls · curves = elevation contours. ◆ gold · ⬟ stone · ● berries · ✦ relic · ◌ wall gap
Inputs per minute
— 闲人肥羊 - - 超真实扮家家酒
Build order — 闲人肥羊
First 150 of 417 actions detected
| 0:01 | Create | Villager (Male) |
| 0:01 | Create | Villager (Male) |
| 0:01 | Create | Villager (Male) |
| 0:02 | Create | Villager (Male) |
| 0:02 | Build | House |
| 0:04 | Build | House |
| 1:28 | Create | Villager (Male) |
| 1:28 | Create | Villager (Male) |
| 1:53 | Create | Villager (Male) |
| 1:54 | Build | Lumber Camp |
| 2:18 | Create | Villager (Male) |
| 2:19 | Create | Villager (Male) |
| 2:45 | Create | Villager (Male) |
| 2:45 | Create | Villager (Male) |
| 3:12 | Create | Villager (Male) |
| 3:12 | Create | Villager (Male) |
| 3:42 | Create | Villager (Male) |
| 3:42 | Create | Villager (Male) |
| 3:51 | Build | House |
| 4:00 | Create | Villager (Male) |
| 4:21 | Create | Villager (Male) |
| 4:21 | Create | Villager (Male) |
| 4:42 | Build | Barracks |
| 5:03 | Create | Villager (Male) |
| 5:03 | Create | Villager (Male) |
| 5:03 | Create | Villager (Male) |
| 5:04 | Create | Villager (Male) |
| 5:09 | Build | House |
| 5:29 | Build | Palisade Wall |
| 5:38 | Create | Militia |
| 5:38 | Create | Militia |
| 6:03 | Create | Villager (Male) |
| 6:16 | Build | House |
| 6:21 | Create | Villager (Male) |
| 6:47 | Create | Villager (Male) |
| 6:51 | Build | Mill |
| 7:13 | Create | Villager (Male) |
| 7:22 | Research | Loom |
| 7:28 | Build | Palisade Wall |
| 8:24 | Build | Palisade Wall |
| 8:38 | Build | Palisade Wall |
| 8:44 | Research | Feudal Age |
| 8:44 | Research | Feudal Age |
| 8:56 | Build | Mining Camp |
| 9:24 | Build | Palisade Wall |
| 9:27 | Build | Palisade Wall |
| 9:30 | Build | Palisade Wall |
| 9:46 | Create | Militia |
| 10:12 | Create | Militia |
| 10:23 | Create | Villager (Male) |
| 10:42 | Build | Lumber Camp |
| 10:51 | Build | Farm |
| 10:53 | Build | Farm |
| 10:54 | Age | Feudal Age |
| 10:57 | Research | Man-at-Arms (upgrade) |
| 11:23 | Create | Villager (Male) |
| 11:23 | Create | Villager (Male) |
| 11:31 | Build | House |
| 11:40 | Build | Farm |
| 11:41 | Create | Villager (Male) |
| 12:09 | Build | Farm |
| 12:16 | Create | Villager (Male) |
| 12:20 | Build | Farm |
| 12:29 | Build | Farm |
| 12:37 | Create | Villager (Male) |
| 13:03 | Research | Double-Bit Axe |
| 13:08 | Build | Archery Range |
| 13:16 | Create | Villager (Male) |
| 13:16 | Create | Villager (Male) |
| 13:26 | Build | Farm |
| 13:31 | Build | House |
| 13:43 | Create | Villager (Male) |
| 13:43 | Create | Villager (Male) |
| 13:49 | Build | Farm |
| 14:04 | Build | House |
| 14:05 | Create | Archer |
| 14:05 | Create | Archer |
| 14:17 | Create | Villager (Male) |
| 14:20 | Build | Farm |
| 14:25 | Create | Villager (Male) |
| 14:28 | Build | Farm |
| 14:43 | Create | Villager (Male) |
| 14:44 | Create | Archer |
| 14:58 | Create | Villager (Male) |
| 15:01 | Build | Farm |
| 15:03 | Create | Archer |
| 15:16 | Build | Blacksmith |
| 15:24 | Research | Horse Collar |
| 15:28 | Create | Villager (Male) |
| 15:39 | Create | Villager (Male) |
| 15:41 | Build | Farm |
| 15:43 | Build | Farm |
| 15:50 | Create | Archer |
| 16:09 | Create | Villager (Male) |
| 16:10 | Create | Archer |
| 16:23 | Build | Farm |
| 16:27 | Create | Villager (Male) |
| 16:28 | Create | Archer |
| 16:34 | Build | House |
| 16:45 | Create | Villager (Male) |
| 16:56 | Build | Market |
| 16:59 | Create | Villager (Male) |
| 17:18 | Create | Villager (Male) |
| 17:19 | Create | Archer |
| 17:50 | Research | Castle Age |
| 17:58 | Create | Villager (Male) |
| 18:06 | Create | Archer |
| 18:24 | Research | Fletching |
| 18:24 | Research | Fletching |
| 18:42 | Build | Stable |
| 18:58 | Research | Wheelbarrow |
| 19:01 | Create | Archer |
| 19:27 | Build | Building 796 |
| 19:44 | Build | Archery Range |
| 20:18 | Build | House |
| 20:42 | Age | Castle Age |
| 20:46 | Research | Crossbowman (upgrade) |
| 20:48 | Research | Bodkin Arrow |
| 20:49 | Create | Villager (Male) |
| 20:50 | Create | Knight |
| 20:50 | Create | Knight |
| 21:03 | Build | Town Center |
| 21:16 | Create | Knight |
| 21:20 | Create | Villager (Male) |
| 21:30 | Build | House |
| 21:42 | Build | House |
| 22:00 | Research | Bow Saw |
| 22:13 | Create | Villager (Male) |
| 22:31 | Create | Villager (Male) |
| 22:31 | Create | Villager (Male) |
| 22:41 | Create | Villager (Male) |
| 23:05 | Create | Villager (Male) |
| 23:07 | Create | Villager (Male) |
| 23:16 | Create | Villager (Male) |
| 23:21 | Build | Farm |
| 23:22 | Build | Town Center |
| 23:29 | Create | Villager (Male) |
| 23:52 | Create | Villager (Male) |
| 24:09 | Create | Villager (Male) |
| 24:22 | Create | Villager (Male) |
| 24:25 | Create | Villager (Male) |
| 24:26 | Create | Villager (Male) |
| 24:26 | Create | Villager (Male) |
| 24:26 | Create | Villager (Male) |
| 24:31 | Build | Farm |
| 24:32 | Build | Farm |
| 24:33 | Build | Farm |
| 24:33 | Build | Farm |
| 24:48 | Build | Farm |
| 24:49 | Build | Farm |
Build order — 超真实扮家家酒
First 150 of 288 actions detected
| 0:01 | Create | Villager (Male) |
| 0:02 | Build | House |
| 0:03 | Build | House |
| 0:15 | Create | Villager (Male) |
| 0:15 | Create | Villager (Male) |
| 0:15 | Create | Villager (Male) |
| 1:25 | Create | Villager (Male) |
| 2:05 | Create | Villager (Male) |
| 2:16 | Build | Lumber Camp |
| 2:27 | Create | Villager (Male) |
| 2:46 | Create | Villager (Male) |
| 3:12 | Create | Villager (Male) |
| 3:30 | Create | Villager (Male) |
| 3:30 | Create | Villager (Male) |
| 3:32 | Create | Villager (Male) |
| 3:52 | Build | House |
| 4:02 | Create | Villager (Male) |
| 4:11 | Create | Villager (Male) |
| 4:46 | Build | Mill |
| 5:09 | Create | Villager (Male) |
| 5:10 | Create | Villager (Male) |
| 5:25 | Research | Loom |
| 5:55 | Create | Villager (Male) |
| 6:32 | Research | Feudal Age |
| 7:37 | Build | Barracks |
| 8:01 | Build | House |
| 8:03 | Build | House |
| 8:05 | Build | Palisade Wall |
| 8:07 | Build | House |
| 8:51 | Age | Feudal Age |
| 8:55 | Build | Stable |
| 8:57 | Create | Villager (Male) |
| 9:00 | Research | Double-Bit Axe |
| 9:28 | Build | House |
| 9:30 | Create | Villager (Male) |
| 9:52 | Create | Scout Cavalry |
| 9:53 | Create | Villager (Male) |
| 10:02 | Build | House |
| 10:04 | Build | House |
| 10:21 | Create | Villager (Male) |
| 10:22 | Create | Scout Cavalry |
| 10:38 | Create | Villager (Male) |
| 10:53 | Build | Farm |
| 10:54 | Build | Farm |
| 10:56 | Build | Farm |
| 11:00 | Create | Scout Cavalry |
| 11:09 | Build | Farm |
| 11:13 | Build | Farm |
| 11:15 | Build | Farm |
| 11:18 | Create | Villager (Male) |
| 11:29 | Build | Farm |
| 11:39 | Create | Villager (Male) |
| 12:02 | Build | House |
| 12:05 | Create | Villager (Male) |
| 12:24 | Create | Scout Cavalry |
| 12:29 | Build | Archery Range |
| 12:33 | Create | Villager (Male) |
| 13:04 | Create | Villager (Male) |
| 13:18 | Build | Blacksmith |
| 13:24 | Create | Villager (Male) |
| 13:27 | Build | Mining Camp |
| 13:30 | Build | Farm |
| 13:36 | Create | Villager (Male) |
| 13:48 | Build | Palisade Wall |
| 14:04 | Create | Villager (Male) |
| 14:18 | Build | Lumber Camp |
| 14:22 | Create | Skirmisher |
| 14:24 | Create | Archer |
| 14:34 | Create | Villager (Male) |
| 14:44 | Create | Archer |
| 14:58 | Create | Villager (Male) |
| 15:05 | Create | Archer |
| 15:10 | Build | Palisade Wall |
| 15:16 | Research | Fletching |
| 15:23 | Build | Farm |
| 15:44 | Create | Villager (Male) |
| 15:44 | Create | Villager (Male) |
| 15:48 | Create | Villager (Male) |
| 16:05 | Create | Villager (Male) |
| 16:06 | Create | Archer |
| 16:29 | Create | Villager (Male) |
| 16:42 | Build | Market |
| 16:58 | Build | Farm |
| 17:00 | Create | Villager (Male) |
| 17:05 | Build | Farm |
| 17:10 | Build | Farm |
| 17:52 | Create | Villager (Male) |
| 17:59 | Build | House |
| 18:16 | Create | Villager (Male) |
| 18:33 | Build | House |
| 18:36 | Build | Palisade Wall |
| 18:43 | Research | Castle Age |
| 19:04 | Research | Padded Archer Armor |
| 19:18 | Build | Palisade Wall |
| 19:35 | Build | Building 796 |
| 19:41 | Build | Archery Range |
| 19:45 | Build | Archery Range |
| 20:05 | Research | Horse Collar |
| 20:08 | Research | Gold Mining |
| 21:05 | Create | Villager (Male) |
| 21:23 | Age | Castle Age |
| 21:24 | Research | Elite Skirmisher (upgrade) |
| 21:49 | Research | Wheelbarrow |
| 21:57 | Research | Bow Saw |
| 21:59 | Research | Bodkin Arrow |
| 22:04 | Create | Villager (Male) |
| 22:04 | Create | Villager (Male) |
| 22:11 | Create | Skirmisher |
| 22:11 | Create | Skirmisher |
| 22:24 | Research | Leather Archer Armor |
| 22:30 | Create | Villager (Male) |
| 22:31 | Create | Villager (Male) |
| 22:35 | Create | Skirmisher |
| 22:36 | Create | Skirmisher |
| 23:00 | Create | Skirmisher |
| 23:00 | Create | Skirmisher |
| 23:17 | Create | Skirmisher |
| 23:17 | Create | Skirmisher |
| 23:31 | Create | Villager (Male) |
| 23:48 | Create | Spearman |
| 23:53 | Create | Skirmisher |
| 23:53 | Create | Skirmisher |
| 24:02 | Build | House |
| 24:12 | Create | Skirmisher |
| 24:12 | Create | Skirmisher |
| 24:26 | Create | Skirmisher |
| 24:26 | Create | Skirmisher |
| 24:31 | Create | Villager (Male) |
| 24:31 | Create | Villager (Male) |
| 24:56 | Create | Villager (Male) |
| 25:07 | Build | Town Center |
| 25:10 | Create | Villager (Male) |
| 25:10 | Create | Villager (Male) |
| 25:25 | Create | Villager (Male) |
| 25:25 | Create | Villager (Male) |
| 25:45 | Create | Villager (Male) |
| 26:08 | Build | Town Center |
| 26:39 | Research | Bloodlines |
| 26:42 | Create | Villager (Male) |
| 26:54 | Build | Stable |
| 26:56 | Create | Villager (Male) |
| 27:08 | Build | House |
| 27:11 | Build | Farm |
| 27:16 | Create | Villager (Male) |
| 27:17 | Create | Villager (Male) |
| 27:23 | Create | Villager (Male) |
| 27:35 | Create | Skirmisher |
| 27:36 | Create | Skirmisher |
| 27:41 | Create | Villager (Male) |
| 27:41 | Create | Villager (Male) |
Match timeline
| 4:42 | 闲人肥羊 · first_building Barracks |
| 5:29 | 闲人肥羊 · wall_segment Palisade Wall x9 |
| 7:28 | 闲人肥羊 · wall_segment Palisade Wall x16 |
| 7:37 | 超真实扮家家酒 · first_building Barracks |
| 8:05 | 超真实扮家家酒 · wall_segment Palisade Wall x1 |
| 8:24 | 闲人肥羊 · wall_segment Palisade Wall x8 |
| 8:38 | 闲人肥羊 · wall_segment Palisade Wall x16 |
| 8:51 | 超真实扮家家酒 · age_up feudal |
| 8:55 | 超真实扮家家酒 · first_building Stable |
| 9:24 | 闲人肥羊 · wall_segment Palisade Wall x1 |
| 9:27 | 闲人肥羊 · wall_segment Palisade Wall x6 |
| 9:30 | 闲人肥羊 · wall_segment Palisade Wall x7 |
| 10:54 | 闲人肥羊 · age_up feudal |
| 12:29 | 超真实扮家家酒 · first_building Archery Range |
| 13:08 | 闲人肥羊 · first_building Archery Range |
| 13:48 | 超真实扮家家酒 · wall_segment Palisade Wall x9 |
| 15:10 | 超真实扮家家酒 · wall_segment Palisade Wall x10 |
| 17:39 | 闲人肥羊 · first_market_sell 100 stone |
| 17:40 | 闲人肥羊 · first_market_buy 100 food |
| 18:03 | 超真实扮家家酒 · first_market_buy 100 food |
| 18:04 | 超真实扮家家酒 · first_market_sell 100 wood |
| 18:36 | 超真实扮家家酒 · wall_segment Palisade Wall x16 |
| 18:42 | 闲人肥羊 · first_building Stable |
| 19:18 | 超真实扮家家酒 · wall_segment Palisade Wall x9 |
| 20:42 | 闲人肥羊 · age_up castle |
| 21:23 | 超真实扮家家酒 · age_up castle |
| 29:05 | 超真实扮家家酒 · first_building Monastery |
| 33:03 | 闲人肥羊 · first_building Monastery |
| 34:32 | 超真实扮家家酒 · first_building Castle |
| 34:56 | 闲人肥羊 · wall_segment Stone Wall x2 |
| 36:38 | 闲人肥羊 · age_up imperial |
| 39:21 | 超真实扮家家酒 · resign |
[ AI ANALYSIS · 1 CREDIT ]
What really happened in this match?
Wolo.gg analyzes every decision: build order, eco, micro, common mistakes by bracket. Personalized analysis on WhatsApp or Discord in 30 seconds.
Civ guide
Vietnamese
Map guide
Arabia
Perfil
Jugador #24924483